 Dungeon Crawl Stone Soup version 0.22-a0-247-gbddf880 (webtiles) character file.

205 JeffiDaFish the Firebug (level 5, -23/38 HPs)
             Began as a Draconian Fire Elementalist on Feb 27, 2018.
             Killed from afar by an adder (58 damage)
             ... with an exploding inner flame
             ... hexed by the player character
             ... on level 3 of the Dungeon.
             The game lasted 00:10:33 (3259 turns).

JeffiDaFish the Firebug (DrFE)                      Turns: 3259, Time: 00:10:34

Health: -23/38     AC:  8    Str: 11    XL:     5   Next: 53%
Magic:  5/10       EV: 14    Int: 21    God:
Gold:   119        SH:  0    Dex: 11    Spells: 0/11 levels left

rFire    . . .     SeeInvis .   j - +0 war axe
rCold    . . .     Gourm    .   (no shield)
rNeg     . . .     Faith    .   (armour unavailable)
rPois    .         Spirit   .   f - +0 hat
rElec    .         Reflect  .   (no cloak)
rCorr    .         Harm     +   (no gloves)
MR       .....                  d - +2 pair of boots
Stlth    ++........             b - amulet of harm
HPRegen  0.12/turn              g - +2 ring of evasion
MPRegen  0.12/turn              i - +5 ring of intelligence

@: no status effects
A: unfitting armour, cold-blooded, AC +5
a: no special abilities


You were on level 3 of the Dungeon.
You were not hungry.

You visited 1 branch of the dungeon, and saw 3 of its levels.

You collected 119 gold pieces.

Inventory:

Hand Weapons
 j - a +0 war axe (weapon)
Armour
 d - a +2 pair of boots (worn)
 f - a +0 hat (worn)
Jewellery
 b - an amulet of harm (around neck)
 e - an uncursed ring of fire
 g - a +2 ring of evasion (left hand)
 i - a +5 ring of intelligence (right hand)
Potions
 c - a potion of agility
Comestibles
 a - 5 rations
 k - 3 chunks of flesh


   Skills:
 - Level 1.7 Dodging
 - Level 1.8 Stealth
 * Level 3.6 Spellcasting
 + Level 2.4 Conjurations
 * Level 4.6 Fire Magic


You couldn't memorise any spells.
You knew the following spells:

 Your Spells              Type           Power        Failure   Level  Hunger
a - Flame Tongue          Conj/Fire      ###..        3%          1    None
b - Conjure Flame         Conj/Fire      ###.....     9%          3    ###....
c - Inner Flame           Hex/Fire       ##......     14%         3    ###....
d - Sticky Flame          Conj/Fire      ###.....     28%         4    ####...


Dungeon Overview and Level Annotations

Branches:
Dungeon (3/15)

Altars:
Uskayaw


Innate Abilities, Weirdness & Mutations

Your plain brown scales are hard. (AC +5)
You cannot fit into any form of body armour.
You are cold-blooded and may be slowed by cold attacks.


Message History

Confirm with . or Enter, or press ? or * to list all spells.
Aiming: Flame Tongue (safe; 3% risk of failure)
Press: ? - help, Shift-Dir - straight line, f/p - adder
Aim: an adder (severely wounded)
The flame tongue misses the adder.
The adder closely misses you.
You miss the adder.
The adder is severely wounded.
The adder misses you. The adder barely misses you.
Casting: Flame Tongue (safe; 3% risk of failure)
Confirm with . or Enter, or press ? or * to list all spells.
Aiming: Inner Flame (safe; 14% risk of failure)
Press: ? - help, Shift-Dir - straight line, f/p - adder
Aim: an adder (severely wounded, chance to defeat MR: 74%)
The adder is filled with an inner flame.
The adder misses you.
You barely miss the adder.
The adder explodes!
The fiery explosion engulfs you!
Ouch! That really hurt!
You die...

### ..# #.#
#§# #§#
##.##@# .
#...#.#####
#.......#
#...###.#
...
###..##.#
..# #
...##.#
..##
#.#.##.##.#
...#
#.........#
...#.
######.####


There were no monsters in sight!

Vanquished Creatures
  The ghost of cellescent the Stinger, an amateur GnWn (D:3)
  An orc priest (D:3)
  An adder (D:2)
  4 worms
  3 leopard geckos
  8 orcs (D:3)
  2 giant cockroaches
  6 goblins (D:1)
  9 hobgoblins
  8 kobolds
  A quokka (D:2)
  8 bats
  5 frilled lizards
  6 rats
63 creatures vanquished.

Notes
Turn   | Place    | Note
-------+----------+-------------------------------------------
     0 | D:1      | JeffiDaFish the Draconian Fire Elementalist began the quest for the Orb.
     0 | D:1      | Reached XP level 1. HP: 14/14 MP: 3/3
   170 | D:1      | Reached XP level 2. HP: 19/20 MP: 3/5
   668 | D:1      | Reached XP level 3. HP: 15/26 MP: 6/6
  1307 | D:2      | Learned a level 3 spell: Conjure Flame
  1311 | D:2      | Learned a level 3 spell: Inner Flame
  2330 | D:3      | Reached skill level 4 in Fire Magic
  2330 | D:3      | Reached XP level 4. HP: 25/33 MP: 3/8
  2700 | D:3      | Noticed cellescent's ghost (amateur GnWn)
  2706 | D:3      | Found a hide-covered altar of Uskayaw.
  2751 | D:3      | Killed cellescent's ghost
  2751 | D:3      | Reached XP level 5. HP: 26/38 MP: 0/10
  3000 | D:3      | Learned a level 4 spell: Sticky Flame
  3259 | D:3      | Killed from afar by an adder

Vault maps used:
D:1:      lemuel_arrival_rhombus
D:2:      roderic_serpentine_path
D:3:      old_standard_altar, kennysheep_vampire_church, minmay_fountain_box

Skill      XL: |  1  2  3  4 |
---------------+-------------+-----
Spellcasting   | 3 |  3.6
Fire Magic     | 4 |  4.6
Conjurations   | 2 |  2.4
Dodging        | |  1.7
Stealth        | |  1.8

Action                   |  1- 3 |  4- 6 || total
-------------------------+-------+-------++-------
Melee: Whip              |    94 |    39 ||   133
       Tailslap          |     8 |     7 ||    15
       War axe           |       |    17 ||    17
 Cast: Flame Tongue      |    38 |    28 ||    66
       Conjure Flame     |       |     1 ||     1
       Inner Flame       |       |     1 ||     1
  Use: Scroll            |     7 |     2 ||     9
       Potion            |     4 |       ||     4
 Stab: Sleeping          |     2 |       ||     2
  Eat: Chunk             |     5 |     3 ||     8
Armor: Skin              |    30 |    19 ||    49
Dodge: Dodged            |    83 |    58 ||   141

Table legend:
 A = Spawn XP
 B = Non-spawn XP
 C = Spawn XP percentage of total XP
 D = Spawn monster count
 E = Non-spawn monster count
 F = Spawn count percentage of total count
 G = Total turns spent on level
                    A         B        C        D         E        F      G
               +---------+---------+-------+---------+---------+-------+---------
         Total |       0 |     294 |   0.0 |       0 |      63 |   0.0 |  3259
               +---------+---------+-------+---------+---------+-------+---------
           D:1 |       0 |      42 |   0.0 |       0 |      27 |   0.0 |  1072
           D:2 |       0 |      39 |   0.0 |       0 |      14 |   0.0 |  1244
           D:3 |       0 |     213 |   0.0 |       0 |      22 |   0.0 |   943
               +---------+---------+-------+---------+---------+-------+---------
